Description

DNS VS JON SNOW

Replay - DnS v JonSnow: Game 1 - Backwater LE

Build Order

Get SALT Encoding   

  12  0:01  Probe  
  13  0:13  Probe  
  14  0:21  Pylon  
  14  0:25  Probe  
  15  0:39  Probe (Chrono Boost)  
  15  0:41  Gateway  
  16  0:48  Probe x2 (Chrono Boost)  
  16  0:49  Assimilator  
  18  1:05  Probe  
  19  1:17  Probe  
  20  1:25  Nexus  
  20  1:32  Cybernetics Core  
  20  1:36  Probe  
  21  1:43  Assimilator  
  21  1:48  Probe  
  21  1:52  Pylon  
  23  2:08  Adept (Chrono Boost)  
  26  2:22  Stargate  
  26  2:27  Adept (Chrono Boost)  
  30  2:38  Warp Gate  
  31  2:45  Adept  
  38  3:06  Oracle (Chrono Boost)  
  38  3:09  Pylon  
  44  3:31  Adept  
  43  3:38  Gateway x2  
  43  3:39  Phoenix (Chrono Boost)  
  47  3:50  Pylon  
  47  3:55  Assimilator x2  
  49  4:05  Adept (Chrono Boost)  
  54  4:17  Oracle (Chrono Boost), Shield Battery  
  54  4:18  Pylon  
  33  4:41  Adept x3  
  28  5:07  Adept  
  30  6:54  Adept  
  38  7:16  Sentry  
  43  7:36  Robotics Facility  
  47  8:08  Assimilator  
  49  8:25  Observer  
  49  8:26  Robotics Bay  
  55  8:43  Nexus  
  55  8:48  Immortal (Chrono Boost)  
  61  8:59  Forge  
  63  9:16  Colossus (Chrono Boost)  
  65  9:18  Sentry x3  
  77  9:27  Shield Battery x2  
  77  9:38  Gateway x3  
  77  9:49  Gateway  
Spawning Tool Build Advisor. Get it on Overwolf

Analysis

DNS VS JON SNOW

Go to:

Details

  • Created by: onionstuff
  • Published on: Sep 01, 2018
  • Modified on: Sep 01, 2018
  • Patch: 4.0.0
Show
View Real Time Build Order
Export as new Build Order

Comments (0)

There are no comments. Be the first!

Create an account to comment!